 Dungeon Crawl Stone Soup version 0.29.1-12-g30fa7ad0bf (webtiles) character file.

Game seed: 16109387600959103669

95998 Gabide the Warrior (level 16, -6/146 HPs)
             Began as a Formicid Berserker on Dec 19, 2022.
             Was a High Priest of Trog.
             Mangled by an orc warrior
             ... wielding a +0 trident
              (20 damage)
             ... on level 2 of the Orcish Mines.
             The game lasted 00:54:38 (30502 turns).

Gabide the Warrior (Formicid Berserker)            Turns: 30502, Time: 00:54:39

Health: -6/146     AC: 20    Str: 33    XL:     16   Next: 65%
Magic:  0/25       EV: 14    Int: 17    God:    Trog [*****.]
Gold:   977        SH:  0    Dex:  8    Spells: 15/15 levels left

rFire   . . .      SeeInvis +   R - +6 eveningstar (vorpal)
rCold   . . .      Faith    .   (no shield)
rNeg    . . .      Spirit   +   E - +8 ring mail "Acebb" {rF+ rCorr}
rPois   +          Reflect  .   (helmet unavailable)
rElec   .          Harm     .   r - +2 cloak
rCorr   +          Rampage  +   b - +2 pair of gloves of the Nexus {Contam Rampage Fly rCorr}
Will    ++++.                   (no boots)
Stlth   +.........              w - amulet "Ukkicead" {Spirit rF- Str+5 Int+8 Dex-5}
HPRegen 1.34/turn               F - ring of the Leaf {rPois MP+9 Stlth+}
MPRegen 0.19/turn               v - ring of willpower

@: strong-willed, flying, regenerating
A: permanent stasis, dig shafts and tunnels, antennae 3, four strong arms
a: Dig, Shaft Self, Renounce Religion, Trog's Hand, Brothers in Arms


You were on level 2 of the Orcish Mines.
You worshipped Trog.
Trog was extremely pleased with you.
You visited 3 branches of the dungeon, and saw 22 of its levels.
You also visited: Sewer and Bailey.

You collected 2789 gold pieces.
You spent 1812 gold pieces at shops.

Inventory:

Hand Weapons
 K - a +0 giant club
 R - a +6 vorpal eveningstar (weapon)
Missiles
 u - 33 boomerangs (quivered)
 M - 5 throwing nets
Armour
 b - the +2 pair of gloves of the Nexus (worn) {Contam Rampage Fly rCorr}
   (You bought it in a shop on level 14 of the Dungeon)

   Fly:       It grants you flight.
   Contam:    It causes magical contamination when unequipped.
   rCorr:     It protects you from acid and corrosion.
   Rampage:   It bestows one free step when moving towards enemies.
 r - a +2 cloak (worn)
 t - +1 ice dragon scales
 E - the +8 ring mail "Acebb" (worn) {rF+ rCorr}
   (You found it on level 8 of the Dungeon)

   rF:        It protects you from fire.
   rCorr:     It protects you from acid and corrosion.
Jewellery
 j - a ring of protection from fire
 v - a ring of willpower (right hand)
 w - the amulet "Ukkicead" (around neck) {Spirit rF- Str+5 Int+8 Dex-5}
   (You found it on level 6 of the Dungeon)

   [amulet of guardian spirit]

   It causes incoming damage to be divided between your reserves of health and
   magic.
   Str:       It affects your strength (+5).
   Int:       It affects your intelligence (+8).
   Dex:       It affects your dexterity (-5).
   rF:        It makes you vulnerable to fire.
 y - a +4 ring of evasion
 F - the ring of the Leaf (left hand) {rPois MP+9 Stlth+}
   (You found it on level 4 of the Lair of Beasts)

   [ring of poison resistance]

   rPois:     It protects you from poison.
   MP:        It affects your magic capacity (+9).
   Stlth:     It makes you more stealthy.
 G - a ring of positive energy
 N - a +6 ring of strength
 O - a +4 ring of protection
 U - a ring of ice
 X - an amulet of regeneration
Wands
 d - a wand of paralysis (6)
 B - a wand of polymorph (8)
 C - a wand of flame (20)
 L - a wand of mindburst (23)
 P - a wand of quicksilver (4)
 V - a wand of digging (5)
 Y - a wand of roots (2)
Scrolls
 f - 4 scrolls of magic mapping
 i - a scroll of identify
 x - 4 scrolls of silence
 H - 4 scrolls of enchant armour
 I - a scroll of butterflies
 S - a scroll of enchant weapon
 W - a scroll of torment
Potions
 a - 2 potions of ambrosia
 e - 7 potions of mutation
 g - 4 potions of lignification
 h - 4 potions of flight
 k - 2 potions of heal wounds
 l - 7 potions of might
 m - 14 potions of curing
 n - 9 potions of attraction
 o - 5 potions of resistance
 p - 4 potions of invisibility
 A - 3 potions of cancellation
 D - 2 potions of magic


   Skills:
 * Level 19.2 Fighting
 * Level 18.2 Maces & Flails
 - Level 6.0 Armour
 + Level 11.7 Dodging


You had 15 spell levels left.
You didn't know any spells.
Your spell library was empty.

Dungeon Overview and Level Annotations

Branches:
Dungeon (15/15)            Temple (0/1) D:5            Lair (5/5) D:10
  Swamp (0/4) Lair:2       Spider (0/4) Lair:2        Slime (0/5) Lair:5
    Orc (2/2) D:12            Elf (0/3) Orc:2        Vaults (0/5) D:13
 Depths (0/4) D:15          Sewer (visited)          Bailey (visited)

Altars:
Elyvilon
Gozag
Okawaru
Ru
Trog
Zin

Shops:
D:8 *   D:11 *   D:12 [   D:14 (!*[   Orc:1 ?:   Orc:2 [

Portals:
Abyss: Lair:3

Annotations:
Lair:3 2 transporters, GeoRichter's ghost, journeyman OpAE


Innate Abilities, Weirdness & Mutations

You cannot be hasted, slowed, berserked, paralysed or teleported.
You can dig through walls and to a lower floor.
You have a pair of large antennae on your head. (SInv)
Your four strong arms can wield two-handed weapons with a shield.


Message History

You hear a shout! x2
You hit the orc knight.
The orc knight is lightly wounded.
The orc priest no longer looks unusually strong.
The sixfirhy hits you but does no damage.
The sixfirhy closely misses you. The orc warrior barely misses you.
The orc knight hits you with a +0 bardiche!!
The orc knight barely misses you.
An orc warrior comes into view. It is wielding a +0 glaive.
You barely miss the orc knight.
The orc knight is lightly wounded.
The sixfirhy hits you. The sixfirhy shocks you!
* * * LOW HITPOINT WARNING * * *
The sixfirhy hits you!
* * * LOW HITPOINT WARNING * * *
The sixfirhy shocks you!
* * * LOW HITPOINT WARNING * * *
The sixfirhy hits you!
* * * LOW HITPOINT WARNING * * *
The sixfirhy shocks you!
* * * LOW HITPOINT WARNING * * *
You feel much better. The sixfirhy misses you.
The orc warrior hits you but does no damage.
The orc warrior hits you with a +0 trident.
* * * LOW HITPOINT WARNING * * *
The orc knight hits you with a +0 bardiche!
* * * LOW HITPOINT WARNING * * *
The orc knight misses you. The orc high priest misses you.
The orc warrior barely misses you.
The orc warrior shoots a bolt.
The bolt hits the orc high priest!
You hear a shout!
As you read the scroll of butterflies, it crumbles to dust.
You hear the tinkle of a tiny bell.
You flicker back into view.
The orc warrior shouts!
The orc no longer looks unusually strong.
The orc warrior hits you from afar with a +0 halberd.
* * * LOW HITPOINT WARNING * * *
The orc warrior hits you with a +0 trident!!
You die...

##...........###........
#....#...#....##.......#
#.............##.......#
#....#...#....##........
#.............#
#....#...#....#
##...bbbbb...#
#...#bbb#...#
##..bo@bb..##
#..#o3o#..# ##.ooooo.##
###)#)### #..{o.#
##o#.## #....o..#
#..#...#..# #.........#


You could see 3 orc knights, an orc high priest (strong), a sixfirhy (summoned),
5 orc warriors, an orc priest (strong) and an orc.

Vanquished Creatures
  The ghost of matvey144 the Tortoise, a journeyman MiFi of the Shining One (D:15)
  3 orc warlords
  A stone giant (D:15)
  An ettin (D:13)
  A fire dragon (Lair:5)
  3 boulder beetles
  3 ogre magi
  8 hydras
  6 centaur warriors
  2 catoblepae
  A naga warrior (D:15)
  10 two-headed ogres
  9 death yaks
  3 tengu warriors (D:15)
  2 orc high priests (Orc:2)
  Urug (Lair:4)
  Nergalle (Lair:2)
  A lindwurm (Lair:5)
  A swamp dragon (shapeshifter) (D:13)
  A deep elf archer (D:15)
  6 orc knights
  2 necromancers
  2 oklob plants
  A deep elf pyromancer (D:15)
  5 ugly things (D:15)
  3 manticores
  7 orc sorcerers
  2 cyclopes
  6 slime creatures
  6 elephants (Lair:4)
  8 black mambas
  A water nymph (shapeshifter) (D:13)
  2 molten gargoyles (Lair:5)
  5 cane toads
  An unseen horror (D:13)
  A gargoyle (D:11)
  2 kobold demonologists
  A rime drake (Lair:3)
  16 komodo dragons
  2 efreet
  5 trolls
  A polar bear (Lair:5)
  22 blink frogs
  A tarantella (Lair:2)
  6 hornets
  6 dream sheep (Lair:5)
  6 wyverns
  A centaur simulacrum (D:14)
  34 yaks
  2 wraiths
  Eustachio (D:4)
  5 basilisks
  4 steam dragons
  Edmund (D:4)
  Menkaure (D:6)
  3 vampire mosquitoes (D:12)
  4 wargs
  3 acid dragons
  4 hell hounds (Lair:5)
  7 water moccasins
  A floating eye (Orc:1)
  Duvessa (D:4)
  29 orc warriors
  A sky beast (D:4)
  A meliai simulacrum (D:15)
  A black bear (shapeshifter) (D:13)
  6 ogres
  The ghost of laros the Chopper, an amateur MiBe of Trog (D:3)
  4 black bears
  5 centaurs
  13 wolves
  The ghost of duchin the Chiller, an amateur MfIE (D:3)
  The ghost of Groucho the Insei, an amateur OpTm (D:3)
  A phantom (D:6)
  Blork the orc (D:6)
  10 kobold brigands
  7 bullfrogs
  A gnoll sergeant (D:9)
  A necrophage (D:6)
  A scorpion (D:5)
  4 wights (D:7)
  Dowan (D:4)
  11 killer bees
  12 howler monkeys
  4 lava snakes (Lair:5)
  A gnoll bouda (D:6)
  17 orc priests
  Ijyb (D:3)
  4 hounds
  6 hell rats (Lair:5)
  An iguana (D:7)
  18 orc wizards
  3 polar bear simulacra (Lair:2)
  A yak simulacrum (Lair:2)
  3 wolf simulacra (Lair:2)
  12 adders
  8 gnolls
  A shadow imp (D:7)
  A white imp (D:8)
  6 worms
  4 dart slugs
  79 orcs
  A bat (D:3)
  12 endoplasms
  5 giant cockroaches
  18 goblins
  15 hobgoblins
  9 jackals
  14 quokkas
  13 ball pythons
  2 frilled lizards
  53 kobolds
  10 rats
  4 river rat simulacra (Lair:2)
696 creatures vanquished.

Vanquished Creatures (collateral kills)
  A naga warrior (D:15)
  A deep elf archer (D:15)
  5 orcs (Orc:2)
7 creatures vanquished.

Vanquished Creatures (others)
  An orc high priest (Orc:2)
  An orc priest (Orc:2)
  A quokka (D:15)
  20 fungi
  38 plants
  3 withered plants (D:3)
64 creatures vanquished.

Grand Total: 767 creatures vanquished

Notes
Turn   | Place    | Note
-------+----------+-------------------------------------------
     0 | D:1      | Gabide the Formicid Berserker began the quest for the Orb.
     0 | D:1      | Reached XP level 1. HP: 18/18 MP: 1/1
   219 | D:1      | Reached XP level 2. HP: 20/24 MP: 2/2
  1174 | D:1      | Reached XP level 3. HP: 25/30 MP: 3/3
  1717 | D:2      | Reached skill level 4 in Fighting
  1728 | D:2      | Reached XP level 4. HP: 30/37 MP: 4/4
  1736 | D:2      | Reached ** piety under Trog
  2115 | D:2      | Found a faded altar of an unknown god.
  2741 | D:3      | Identified the +1 ring mail "Biseuke" {rPois rN+ Will-}
  2822 | D:3      | Noticed Ijyb
  2839 | D:3      | Killed Ijyb
  2840 | D:3      | Reached XP level 5. HP: 39/43 MP: 5/5
  2942 | D:3      | Found a runed translucent gate.
  2943 | D:3      | Found a runed translucent gate.
  2943 | D:3      | Found a runed translucent gate.
  2944 | D:3      | Noticed laros's ghost (amateur MiBe)
  2944 | D:3      | Noticed duchin's ghost (amateur MfIE)
  2944 | D:3      | Noticed Groucho's ghost (amateur OpTm)
  3088 | D:3      | Reached skill level 5 in Fighting
  3088 | D:3      | Reached XP level 6. HP: 51/51 MP: 6/6
  3516 | D:4      | Noticed Duvessa
  3519 | D:4      | Noticed Dowan
  3526 | D:4      | Killed Duvessa
  3527 | D:4      | Reached skill level 5 in Maces & Flails
  3534 | D:4      | Killed Dowan
  3535 | D:4      | Reached XP level 7. HP: 22/57 MP: 7/7
  3541 | D:4      | Noticed Edmund
  3544 | D:4      | Reached *** piety under Trog
  3556 | D:4      | Killed Edmund
  3557 | D:4      | Reached skill level 6 in Fighting
  3597 | D:4      | Noticed Eustachio
  3617 | D:4      | Killed Eustachio
  3812 | D:4      | Reached XP level 8. HP: 57/65 MP: 8/8
  3889 | D:4      | Found a glowing drain.
  3904 | Sewer    | Entered a sewer
  4114 | Sewer    | Reached skill level 7 in Fighting
  4915 | D:3      | Killed laros's ghost
  4917 | D:3      | Killed Groucho's ghost
  4922 | D:3      | Killed duchin's ghost
  5005 | D:5      | Entered Level 5 of the Dungeon
  5376 | D:5      | Reached **** piety under Trog
  5377 | D:5      | Reached XP level 9. HP: 25/74 MP: 9/9
  5387 | D:5      | Reached skill level 8 in Fighting
  5642 | D:5      | Found a staircase to the Ecumenical Temple.
  6409 | D:6      | Reached skill level 5 in Dodging
  7012 | D:6      | Reached skill level 9 in Fighting
  7027 | D:6      | Noticed Menkaure
  7033 | D:6      | Killed Menkaure
  7093 | D:6      | Noticed Blork the orc
  7103 | D:6      | Killed Blork the orc
  7177 | D:6      | Identified the amulet "Ukkicead" {Spirit rF- Str+5 Int+8
                  | Dex-5}
  7595 | D:7      | Found an opulent altar of Gozag.
  7696 | D:7      | Reached XP level 10. HP: 53/83 MP: 6/10
  8080 | D:7      | Reached skill level 10 in Fighting
  8212 | D:7      | Found a sacrificial altar of Ru.
  9170 | D:8      | Identified the +8 ring mail "Acebb" {rF+ rCorr}
  9383 | D:8      | Reached ***** piety under Trog
  9532 | D:8      | Reached skill level 10 in Maces & Flails
 10005 | D:8      | Found Mipnorineh's Assorted Antiques.
 10368 | D:9      | Found a flagged portal.
 10394 | Bailey   | Entered a bailey
 10399 | Bailey   | Noticed an orc warlord
 10449 | Bailey   | Reached skill level 11 in Fighting
 10652 | Bailey   | Found a runed translucent gate.
 10652 | Bailey   | Found a runed translucent gate.
 10652 | Bailey   | Found a runed translucent gate.
 10860 | Bailey   | Killed an orc warlord
 10861 | Bailey   | Reached XP level 11. HP: 75/93 MP: 8/11
 10895 | Bailey   | Reached skill level 12 in Fighting
 10895 | Bailey   | Reached XP level 12. HP: 93/103 MP: 12/12
 10984 | D:9      | Received a gift from Trog
 11273 | D:9      | Reached skill level 5 in Armour
 11315 | D:9      | Noticed a two-headed ogre
 11321 | D:9      | Killed a two-headed ogre
 11523 | D:10     | Entered Level 10 of the Dungeon
 11980 | D:10     | Reached skill level 13 in Fighting
 12006 | D:10     | Found a staircase to the Lair.
 12025 | D:10     | Found a bloodstained altar of Trog.
 12025 | D:10     | Found a glowing silver altar of Zin.
 12158 | Lair:1   | Entered Level 1 of the Lair of Beasts
 13124 | Lair:2   | Found a hole to the Spider Nest.
 13903 | Lair:2   | Reached XP level 13. HP: 108/112 MP: 11/13
 14007 | Lair:2   | Found a staircase to the Swamp.
 14026 | Lair:2   | Reached skill level 14 in Fighting
 14161 | Lair:2   | Noticed Nergalle
 14171 | Lair:2   | Killed Nergalle
 15077 | Lair:3   | Noticed an eight-headed hydra
 15085 | Lair:3   | Killed an eight-headed hydra
 15427 | Lair:3   | Noticed a rakshasa
 15454 | Lair:3   | Noticed a cacodemon
 15455 | Lair:3   | Noticed GeoRichter's ghost (journeyman OpAE)
 15456 | Lair:3   | Found a transporter.
 15458 | Lair:3   | Found a one-way gate to the infinite horrors of the Abyss.
 15729 | Lair:3   | Found a transporter.
 16270 | Lair:4   | Identified the ring of the Leaf {rPois MP+9 Stlth+}
 16342 | Lair:4   | Reached skill level 15 in Fighting
 16671 | Lair:4   | Received a gift from Trog
 16676 | Lair:4   | Noticed a boulder beetle
 16688 | Lair:4   | Killed a boulder beetle
 16848 | Lair:4   | Identified the +6 spear "Jellyslayer" {freeze, rF+ Int-4
                  | SInv Stlth+}
 17034 | Lair:4   | Noticed Urug
 17051 | Lair:4   | Killed Urug
 17052 | Lair:4   | Reached XP level 14. HP: 38/123 MP: 5/14
 17749 | Lair:5   | Entered Level 5 of the Lair of Beasts
 17788 | Lair:5   | Reached skill level 15 in Maces & Flails
 18294 | Lair:5   | Reached skill level 16 in Fighting
 19076 | Lair:5   | Reached skill level 10 in Dodging
 19648 | Lair:5   | Found a staircase to the Slime Pits.
 20043 | Lair:5   | Found a large runed translucent door.
 20043 | Lair:5   | Found a large runed translucent door.
 21211 | D:11     | Found Edoj's Assorted Antiques.
 21262 | D:11     | Bought a scroll of enchant weapon for 285 gold pieces
 21390 | D:11     | Reached skill level 17 in Fighting
 21390 | D:11     | Reached XP level 15. HP: 118/134 MP: 15/15
 21642 | D:11     | Received a gift from Trog
 22035 | D:12     | Found a staircase to the Orcish Mines.
 22058 | D:12     | Found Peug's Armour Shop.
 24286 | D:13     | Found a gate to the Vaults.
 24715 | D:14     | Identified the +4 barding "Ygu Hik" {Int+4 Dex+4}
 24751 | D:14     | Found Jeag's Antique Weapon Emporium.
 24957 | D:14     | Found Cueheaf's Armour Shop.
 24972 | D:14     | Bought the +2 pair of gloves of the Nexus {Contam Rampage
                  | Fly rCorr} for 377 gold pieces
 25001 | D:14     | Found Esoom's General Store.
 25010 | D:14     | Bought a scroll of enchant armour for 90 gold pieces
 25010 | D:14     | Bought a scroll of identify for 24 gold pieces
 25024 | D:14     | Found Hosuarph's Distillery.
 25029 | D:14     | Bought a potion of attraction for 42 gold pieces
 25029 | D:14     | Bought a potion of curing for 42 gold pieces
 25029 | D:14     | Bought a potion of curing for 42 gold pieces
 25029 | D:14     | Bought a potion of resistance for 140 gold pieces
 25029 | D:14     | Bought a potion of mutation for 112 gold pieces
 25029 | D:14     | Bought a potion of cancellation for 112 gold pieces
 25029 | D:14     | Bought a potion of curing for 42 gold pieces
 25029 | D:14     | Bought a potion of lignification for 42 gold pieces
 25116 | D:14     | Found Xoboe's Distillery.
 25119 | D:14     | Bought a potion of heal wounds for 70 gold pieces
 25119 | D:14     | Bought a potion of mutation for 112 gold pieces
 25119 | D:14     | Bought a potion of attraction for 42 gold pieces
 25119 | D:14     | Bought a potion of cancellation for 112 gold pieces
 25119 | D:14     | Bought 2 potions of curing for 84 gold pieces
 25119 | D:14     | Bought a potion of curing for 42 gold pieces
 25534 | D:15     | Entered Level 15 of the Dungeon
 25545 | D:15     | Reached skill level 18 in Fighting
 25641 | D:15     | Received a gift from Trog
 25702 | D:15     | Found a staircase to the Depths.
 25702 | D:15     | Noticed a stone giant
 25711 | D:15     | Killed a stone giant
 26361 | D:15     | Reached XP level 16. HP: 110/144 MP: 16/16
 26517 | D:15     | Found a white marble altar of Elyvilon.
 26654 | D:15     | Found a runed translucent gate.
 26654 | D:15     | Found a runed translucent gate.
 26655 | D:15     | Found a runed translucent gate.
 26656 | D:15     | Noticed matvey144's ghost (journeyman MiFi)
 26659 | D:15     | Found an iron altar of Okawaru.
 26699 | D:15     | Killed matvey144's ghost
 27027 | D:15     | Identified the +2 robe of Gozag, Fortifying {Dex+2}
 27283 | Orc:1    | Entered Level 1 of the Orcish Mines
 27304 | Orc:1    | Received a gift from Trog
 27313 | Orc:1    | Found Kukkut's Book Shop.
 27909 | Orc:1    | Found Wyrec's Magic Scroll Shop.
 28125 | Orc:2    | Entered Level 2 of the Orcish Mines
 28733 | Orc:2    | Reached skill level 19 in Fighting
 30047 | Orc:2    | Found a staircase to the Elven Halls.
 30050 | Orc:2    | Found Metus's Armour Emporium.
 30494 | Orc:2    | Received a gift from Trog
 30500 | Orc:2    | HP: 7/146 [sixfirhy[an orc high priest] (10)]
 30502 | Orc:2    | Mangled by an orc warrior

Illustrated notes

Levels and vault maps discovered:
D:1:      spicycebolla_arrival_xxxplode, layout_basic, minmay_box_of_dots
D:2:      minmay_diamond_boxcup, layout_loops_cross,
          chequers_ecumenical_altar_simple
D:3:      layout_basic, gammafunk_ghost_cemetery, minmay_statues_item, uniq_ijyb
D:4:      corexii_shack_village, layout_basic, gup_sewer_entry_pipe,
          uniq_edmund, uniq_eustachio, uniq_duvessa
D:5:      layout_loops_ring, minmay_temple_entry_enclosed_plants,
          kennysheep_dice
D:6:      layout_loops_ring, roderic_malta_cross, uniq_blork_the_orc,
          uniq_menkaure
D:7:      layout_basic, mainiacjoe_overflow_catch_the_wave
D:8:      layout_loops_ring, serial_shops, kennysheep_mini_moat,
          grunt_ministairs_2, minmay_crossroads
D:9:      layout_stronghold, enter_bailey_4, minivault_24
D:10:     layout_basic, nicolae_overflow_two_pavilions, lair_entry_dummy
D:11:     layout_loops_ring, serial_shops, shop_statue
D:12:     layout_irregular_city, orc_david_3
D:13:     layout_cave_pods, david_vaults_4, roderic_malta_cross
D:14:     layout_basic, serial_shops, shop, nicolae_shop_trees,
          nicolae_shop_hallway_stairs, kennysheep_mini, shop,
          minmay_misc_feat_roman
D:15:     grunt_enter_depths_snipers, layout_basic, elyvilon_altar_4,
          gammafunk_ghost_fury_of_okawaru
Lair:1:   layout_chaotic_city, patterned_corridor, grunt_megastairs_5
Lair:2:   layout_gridlike, minmay_swamp_entry_reptiles,
          spider_nest_entry_rubble, eino_house_with_fridge, uniq_nergalle
Lair:3:   layout_long_grid, gammafunk_ghost_abyssal_escape, serial_bayou_shore_b
Lair:4:   layout_cave_pods, serial_bayou, serial_bayou_lagoon_a,
          serial_bayou_pond_d, serial_bayou_crossing, serial_bayou_ford_a,
          infiniplex_staircase_pool_2, uniq_urug
Lair:5:   cheibrodos_lair_end_hotspot, layout_cave_shapes,
          dpeg_slime_entry_enclosed, nzn_sisyphean_effort
Orc:1:    hellmonk_paralyzer, layout_diamond_mine, serial_shops, shop,
          nicolae_square_shop, shop, nicolae_orc_crystal_geode
Orc:2:    st_orc_pillars, layout_caves, serial_shops,
          nicolae_shop_window_shopping

Skill      XL: |  1  2  3  4  5  6  7  8  9 10 11 12 13 14 15 16 |
---------------+-------------------------------------------------+-----
Dodging        | 2 3 4 5 6 7 8 9 10 11 | 11.7
Fighting       | 4 5 6 7 9 11 12 13 15 17 18 19 | 19.2
Maces & Flails | 4 5 6 7 8 11 12 13 14 16 17 18 | 18.2
Armour         | 4 6 |  6.0

Action                   |  1- 3 |  4- 6 |  7- 9 | 10-12 | 13-15 | 16-18 || total
-------------------------+-------+-------+-------+-------+-------+-------++-------
Melee: Mace              |    87 |    44 |       |       |       |       ||   131
       Punch             |     1 |     1 |     4 |     8 |     8 |     3 ||    25
       Flail             |       |    22 |       |       |       |       ||    22
       Morningstar       |       |    36 |    45 |       |       |       ||    81
       Dire flail        |       |       |   251 |   119 |       |       ||   370
       Whip              |       |       |   102 |   203 |       |       ||   305
       Giant club        |       |       |       |   177 |   210 |     9 ||   396
       Eveningstar       |       |       |       |       |   557 |   363 ||   920
 Fire: Sling             |       |    35 |       |       |       |       ||    35
Throw: Boomerang         |       |    17 |    27 |    23 |    21 |    16 ||   104
       Dart              |       |       |       |     3 |     5 |     1 ||     9
       Throwing net      |       |       |       |       |     2 |     1 ||     3
Invok: Trog's Hand       |       |     2 |     5 |     2 |     2 |     5 ||    16
       Brothers in Arms  |       |       |       |       |       |     3 ||     3
Evoke: Wand              |       |     3 |     4 |     6 |     7 |     3 ||    23
  Use: Scroll            |       |     9 |    10 |    11 |     8 |     4 ||    42
       Potion            |       |       |     3 |     1 |     1 |     7 ||    12
 Stab: Sleeping          |     3 |       |       |       |     3 |       ||     6
       Distracted        |     1 |       |       |       |       |       ||     1
       Paralysed         |       |     6 |    10 |       |       |       ||    16
       Invisible         |       |       |       |       |       |     8 ||     8
Armor: Animal skin       |     6 |       |       |       |       |       ||     6
       Leather armour    |     6 |       |       |       |       |       ||     6
       Ring mail         |    10 |    31 |    31 |   193 |   334 |   192 ||   791
       Chain mail        |       |    45 |   135 |       |       |       ||   180
       Skin              |       |       |       |     1 |       |       ||     1
Dodge: Dodged            |    54 |    68 |   212 |   322 |   517 |   310 ||  1483
